 Dungeon Crawl Stone Soup version 0.30-a0-772-g5528072125 (webtiles) character file.

Game seed: 15496802955788253895

35976 holysushi the Nimble (level 13, 0/63 HPs)
             Began as a Vine Stalker Monk on Feb 12, 2023.
             Was an Initiate of Gozag.
             Slain by an eight-headed hydra (1 damage)
             ... on level 5 of the Lair of Beasts.
             The game lasted 00:26:29 (14811 turns).

holysushi the Nimble (Vine Stalker Monk)           Turns: 14811, Time: 00:26:30

Health: 0/63       AC: 17    Str: 13    XL:     13   Next: 87%
Magic:  0/19       EV: 27    Int: 10    God:    Gozag
Gold:   1260       SH:  0    Dex: 26    Spells: 19/19 levels left

rFire   . . .      SeeInvis .    b - +3 dagger (venom)
rCold   . . .      Faith    .    (no shield)
rNeg    . . .      Spirit   +    S - +3 ring mail "Hecunil" {Dex+3}
rPois   .          Reflect  .    U - +0 helmet
rElec   .          Harm     .    Q - +1 cloak
rCorr   .          Rampage  .    T - +1 pair of gloves
Will    +....                    (no boots)
Stlth   ++++                     y - amulet of the acrobat
HPRegen 1.10/turn                q - +5 ring of evasion
MPRegen 0.16/turn                F - +4 ring of protection

@: gold aura
A: fangs 3, regeneration 1, magic shield, antimagic bite, no potion heal 2
a: Renounce Religion, Potion Petition, Call Merchant, Bribe Branch


You were on level 5 of the Lair of Beasts.
You worshipped Gozag.
Gozag was most pleased with you.
You visited 3 branches of the dungeon, and saw 15 of its levels.
You also visited: Ossuary and Ice Cave.

You collected 2534 gold pieces.
You paid 1274 gold pieces to Gozag.

Inventory:

Hand Weapons
 a - a +1 rapier of venom
 b - a +3 dagger of venom (weapon)
 p - a +1 dagger of electrocution
 r - a +0 heavy short sword
 B - a +3 arbalest of freezing
 W - a +0 triple crossbow of freezing
Missiles
 C - a throwing net (quivered)
Armour
 e - a scarf of invisibility
 z - a +0 robe
 Q - a +1 cloak (worn)
 S - the +3 ring mail "Hecunil" (worn) {Dex+3}
   (You found it on level 6 of the Dungeon)

   Dex:       It affects your dexterity (+3).
 T - a +1 pair of gloves (worn)
 U - a +0 helmet (worn)
Jewellery
 f - a ring of positive energy
 h - a ring of protection from fire
 q - a +5 ring of evasion (left hand)
 y - an amulet of the acrobat (around neck)
 D - an amulet of faith
 F - a +4 ring of protection (right hand)
 I - the ring of Oklodo {rF+ rC+ rN+}
   (You found it in an ice cave)

   [ring of protection from cold]

   rF:        It protects you from fire.
   rC:        It protects you from cold.
   rN:        It protects you from negative energy.
 R - a ring of willpower
 X - the ring "Potabb" {Ice Fly Will+ Str-3 Dex+4}
   (You found it in an ice cave)

   [ring of ice]

   It enhances your ice magic.
   Str:       It affects your strength (-3).
   Dex:       It affects your dexterity (+4).
   rF:        It makes you vulnerable to fire.
   rC:        It protects you from cold.
   Fly:       It grants you flight.
   Will:      It increases your willpower.
 Z - a +6 ring of dexterity
Wands
 j - a wand of iceblast (3)
 w - a wand of polymorph (7)
 x - a wand of flame (71)
 J - a wand of paralysis (7)
 O - a wand of acid (6)
Scrolls
 d - 9 scrolls of identify
 g - 2 scrolls of poison
 i - 2 scrolls of enchant armour
 m - a scroll of butterflies
 n - 2 scrolls of teleportation
 v - 2 scrolls of enchant weapon
 H - 2 scrolls of fear
 K - a scroll of brand weapon
 L - 3 scrolls of fog
 P - a scroll of blinking
Potions
 c - 3 potions of ambrosia
 k - 5 potions of haste
 l - a potion of brilliance
 o - a potion of flight
 s - a potion of invisibility
 t - 7 potions of curing
 u - 7 potions of might
 A - a potion of berserk rage
 E - a potion of magic
 G - 3 potions of lignification
 M - a potion of cancellation {unknown}
 N - a potion of attraction {unknown}
 Y - a potion of mutation


   Skills:
 + Level 5.2 Fighting
 * Level 12.8 Short Blades
 - Level 2.0 Armour
 + Level 14.0 Dodging
 + Level 9.0 Stealth
 + Level 3.8 Spellcasting
 - Level 3.0 Evocations


You had 19 spell levels left.
You didn't know any spells.
Your spell library contained the following spells:

 Spells                   Type           Power      Damage    Failure   Level
 Apportation              Tloc           2%         N/A       50%         1
 Necrotise                Necr           4%         1d4       50%         1
 Summon Small Mammal      Summ           4%         N/A       50%         1
 Ensorcelled Hibernation  Hex/Ice        2%         N/A       63%         2
 Static Discharge         Conj/Air       2%         2-3/arc   63%         2
 Spider Form              Tmut/Pois      1%         N/A       86%         3
 Vhi's Electric Charge    Tloc/Air       2%         N/A       86%         3
 Anguish                  Hex/Necr       0%         N/A       99%         4
 Arcjolt                  Conj/Air       0%         1d10      100%        5
 Lightning Bolt           Conj/Air       0%         1d11      100%        5


Dungeon Overview and Level Annotations

Branches:
Dungeon (9/15) Zot: 26736  Temple (1/1) D:7 Zot: 5961    Lair (5/5) D:8 Zot: 25375
 Shoals (0/4) Lair:2       Spider (0/4) Lair:3        Slime (0/5) Lair:4
Ossuary (visited)           IceCv (visited)
    Orc: D:9-12

Altars:
Ashenzari
Cheibriados
Dithmenos
Elyvilon
Fedhas
Gozag
Kikubaaqudgha
Makhleb
Okawaru
Qazlal
Ru
Sif Muna
Trog
Uskayaw
Vehumet
Wu Jian
Xom
Yredelemnul
Zin
The Shining One
Jiyva

Shops:
Lair:3 (!

Annotations:
D:5 1 exclusion
D:8 exclusion: downstairs
Temple 2 transporters


Innate Abilities, Weirdness & Mutations

You have razor-sharp teeth.
Your natural rate of healing is unusually fast.
When hurt, damage is shared between your health and your magic reserves.
Your bite disrupts and absorbs the magic of your enemies.
Potions cannot restore your health.


Message History

The eight-headed hydra looks as sick as possible!
You bite the eight-headed hydra. You drain its power.
The eight-headed hydra is moderately wounded.
The eight-headed hydra closely misses you.
The eight-headed hydra bites you!
The eight-headed hydra completely misses you.
The eight-headed hydra bites you but does no damage.
The eight-headed hydra completely misses you.
The eight-headed hydra bites you!
The eight-headed hydra bites you but does no damage.
The eight-headed hydra completely misses you.
You hit the eight-headed hydra.
The eight-headed hydra looks as sick as possible!
The eight-headed hydra is heavily wounded.
You puncture the eight-headed hydra!
The eight-headed hydra is heavily wounded.
The eight-headed hydra completely misses you.
The eight-headed hydra bites you but does no damage.
The eight-headed hydra bites you! x2
The eight-headed hydra bites you but does no damage.
The eight-headed hydra bites you. The eight-headed hydra bites you!
* * * LOW HITPOINT WARNING * * *
The eight-headed hydra bites you.
* * * LOW HITPOINT WARNING * * *
You hit the eight-headed hydra. You bite the eight-headed hydra.
You drain its power.
You feel invigorated.
The eight-headed hydra is severely wounded.
You barely miss the eight-headed hydra.
The eight-headed hydra is severely wounded.
The eight-headed hydra bites you but does no damage.
The eight-headed hydra bites you.
* * * LOW HITPOINT WARNING * * *
The eight-headed hydra bites you!
* * * LOW HITPOINT WARNING * * *
The eight-headed hydra bites you!
* * * LOW HITPOINT WARNING * * *
The eight-headed hydra completely misses you. x2
The eight-headed hydra bites you.
You die...
Your body crumbles into a pile of gold.

####....P#D8.#
###..#
#.....#....##....
#
##....##.8.......
P# ##...♣#
.÷.Y...# .#
##...###......#
.#
#.....###...÷#.#
##......##.÷...##
##......##..P.P#
###...@D....P.#
########♣..## #.#
##


You could see an eight-headed hydra (extremely poisoned).

Vanquished Creatures
  An azure jelly (IceCv)
  2 quicksilver oozes (IceCv)
  Fannar (Lair:1)
  A hydra (Lair:2)
  2 catoblepae
  A boulder beetle (Lair:5)
  3 death yaks (Lair:5)
  A fire crab (Lair:3)
  3 skysharks
  A black mamba (Lair:2)
  A merfolk siren (Lair:2)
  20 elephants
  An ice statue (IceCv)
  7 cane toads
  A kobold demonologist (D:6)
  4 komodo dragons
  2 rime drakes
  A troll (D:9)
  A polar bear (Lair:3)
  9 blink frogs
  2 jumping spiders (Lair:3)
  9 slime creatures
  3 culicivoras (Lair:3)
  5 wyverns
  10 yaks
  2 redbacks (Lair:3)
  6 basilisks
  A steam dragon (D:8)
  An acid dragon (D:8)
  13 water moccasins
  An orc warrior (D:7)
  10 black bears
  2 great orb of eyes simulacra (IceCv)
  A sky beast (D:4)
  An ogre (D:4)
  8 wolves
  3 centaurs
  A kobold brigand (D:6)
  2 slime creature simulacra (IceCv)
  10 bullfrogs
  10 scorpions
  4 wights (D:7)
  4 glowing shapeshifter simulacra (IceCv)
  3 howler monkeys
  An electric eel (Lair:5)
  A jelly (D:6)
  3 human zombies (Ossuary)
  A centaur zombie (Ossuary)
  Crazy Yiuf (D:5)
  6 hounds
  5 orc priests
  5 scorpion zombies (Ossuary)
  Ijyb (D:5)
  3 iguanas
  7 orc wizards
  2 shapeshifter simulacra (IceCv)
  3 mummies (Ossuary)
  11 gnolls
  4 adders
  A shadow imp (D:8)
  2 white imps
  3 worms
  2 dart slugs
  39 orcs
  4 ball pythons
  5 bats
  5 endoplasms
  2 giant cockroaches
  4 goblins
  9 hobgoblins
  4 jackals (D:2)
  3 quokkas
  4 frilled lizards
  2 gnoll zombies (Ossuary)
  3 goblin zombies (Ossuary)
  2 hobgoblin zombies (Ossuary)
  13 kobolds
  4 kobold zombies (Ossuary)
  An orc zombie (Ossuary)
  2 rats (D:3)
343 creatures vanquished.

Vanquished Creatures (others)
  An orc wizard (D:5)
  17 fungi
  22 plants
40 creatures vanquished.

Grand Total: 383 creatures vanquished

Notes
Turn   | Place    | Note
-------+----------+-------------------------------------------
     0 | D:1      | holysushi the Vine Stalker Monk began the quest for the
                  | Orb.
     0 | D:1      | Reached XP level 1. HP: 11/11 MP: 2/2
     2 | D:1      | Noticed an electric eel
   281 | D:1      | Reached XP level 2. HP: 15/16 MP: 3/3
   957 | D:2      | Reached XP level 3. HP: 19/19 MP: 4/4
   975 | D:2      | Found a faded altar of an unknown god.
  1282 | D:2      | You fall into a shaft and drop 1 floor!
  1998 | D:3      | Gained mutation: Your natural rate of healing is unusually
                  | fast. [Vine Stalker growth]
  1998 | D:3      | Reached XP level 4. HP: 23/23 MP: 5/5
  2317 | D:4      | Noticed a black bear
  2332 | D:3      | Killed a black bear
  2333 | D:3      | Reached skill level 5 in Short Blades
  2333 | D:3      | Reached XP level 5. HP: 4/27 MP: 2/6
  2402 | D:4      | Noticed a black bear
  2410 | D:4      | Killed a black bear
  2411 | D:4      | Reached XP level 6. HP: 32/32 MP: 7/7
  2657 | D:4      | Noticed a sky beast
  2673 | D:4      | Killed a sky beast
  2674 | D:4      | Reached XP level 7. HP: 26/35 MP: 4/8
  3171 | D:4      | Found a shimmering altar of Xom.
  3212 | D:5      | Entered Level 5 of the Dungeon
  3357 | D:5      | Found a sand-covered staircase.
  3369 | Ossuary  | Entered an ossuary
  3390 | Ossuary  | Gained mutation: You have razor-sharp teeth. [Vine Stalker
                  | growth]
  3390 | Ossuary  | Reached XP level 8. HP: 39/39 MP: 9/9
  3602 | Ossuary  | Reached skill level 10 in Short Blades
  3855 | D:5      | Noticed Ijyb
  3866 | D:5      | Killed Ijyb
  3891 | D:5      | Reached XP level 9. HP: 43/43 MP: 10/10
  4191 | D:5      | Found a runed translucent door.
  4192 | D:5      | Noticed Crazy Yiuf
  4423 | D:5      | Killed Crazy Yiuf
  4424 | D:5      | Reached skill level 3 in Dodging
  4620 | D:6      | Found an ornate altar of the Wu Jian Council.
  4860 | D:6      | Identified the +3 ring mail "Hecunil" {Dex+3}
  5108 | D:6      | Reached skill level 4 in Dodging
  5359 | D:7      | Found a glowing silver altar of Zin.
  5379 | D:7      | Noticed a kobold demonologist
  5381 | D:7      | Noticed a smoke demon
  5413 | D:7      | Noticed a rust devil
  5416 | D:6      | Noticed a red devil
  5431 | D:6      | Killed a kobold demonologist
  5432 | D:6      | Reached skill level 1 in Armour
  5899 | D:7      | Reached skill level 5 in Dodging
  5899 | D:7      | Reached XP level 10. HP: 46/51 MP: 9/11
  5918 | D:7      | Reached skill level 5 in Fighting
  6325 | D:7      | Found a staircase to the Ecumenical Temple.
  6347 | Temple   | Entered the Ecumenical Temple
  6347 | Temple   | Found a transporter.
  6347 | Temple   | Found a transporter.
  6349 | Temple   | Found a transporter.
  6349 | Temple   | Found a transporter.
  6367 | Temple   | Became a worshipper of Gozag Ym Sagoz the Greedy
  6452 | D:7      | Found a blossoming altar of Fedhas.
  6856 | D:8      | Reached skill level 5 in Stealth
  6892 | D:8      | Reached skill level 6 in Dodging
  6935 | D:8      | Found a staircase to the Lair.
  7110 | D:8      | Reached skill level 7 in Dodging
  7249 | D:8      | Found a radiant altar of Vehumet.
  7276 | D:8      | Found a glowing golden altar of the Shining One.
  7527 | D:9      | Found an ancient bone altar of Kikubaaqudgha.
  7539 | D:9      | Reached skill level 8 in Dodging
  7619 | D:9      | Noticed a two-headed ogre
  7750 | D:9      | Noticed a tengu warrior
  7815 | Lair:1   | Entered Level 1 of the Lair of Beasts
  7817 | Lair:1   | Noticed a cane toad
  7851 | Lair:1   | Killed a cane toad
  7852 | Lair:1   | Reached XP level 11. HP: 55/55 MP: 10/12
  7879 | Lair:1   | Reached skill level 9 in Dodging
  8092 | Lair:1   | Noticed Fannar
  8103 | Lair:1   | Killed Fannar
  8192 | Lair:1   | Reached skill level 10 in Dodging
  8263 | Lair:1   | Reached skill level 1 in Evocations
  8711 | Lair:2   | Found a frozen archway.
  8738 | IceCv    | Entered an ice cave
  8936 | IceCv    | Noticed a quicksilver ooze
  8958 | IceCv    | Noticed a quicksilver ooze
  8969 | IceCv    | Found a viscous altar of Jiyva.
  8969 | IceCv    | Noticed an azure jelly
  8993 | IceCv    | Killed a quicksilver ooze
  9738 | IceCv    | Killed a quicksilver ooze
  9739 | IceCv    | Reached skill level 11 in Dodging
  9739 | IceCv    | Reached XP level 12. HP: 40/60 MP: 7/13
  9822 | IceCv    | Killed an azure jelly
 10318 | IceCv    | Reached skill level 1 in Spellcasting
 10533 | IceCv    | Got the ring of Oklodo {rF+ rC+ rN+}
 10538 | IceCv    | Got the ring "Potabb" {Ice Fly Will+ Str-3 Dex+4}
 11077 | Lair:2   | Noticed an eight-headed hydra
 11095 | Lair:2   | Killed an eight-headed hydra
 11219 | Lair:2   | Reached skill level 12 in Dodging
 11604 | Lair:2   | Found a staircase to the Shoals.
 11896 | Lair:3   | Reached skill level 13 in Dodging
 11948 | Lair:3   | Reached XP level 13. HP: 63/63 MP: 19/19
 12204 | Lair:3   | Found a hole to the Spider Nest.
 13421 | Lair:4   | Found a staircase to the Slime Pits.
 13424 | Lair:4   | Found a viscous altar of Jiyva.
 13606 | Lair:5   | Entered Level 5 of the Lair of Beasts
 14525 | Lair:5   | Reached skill level 14 in Dodging
 14811 | Lair:5   | HP: 1/63 [eight-headed hydra (6)]
 14811 | Lair:5   | Slain by an eight-headed hydra

Illustrated notes

Levels and vault maps discovered:
D:1:      arrival_aquarium_a, layout_loops_ring, dreamdust_princess_corridor,
          minmay_misc_feat_hallway
D:2:      layout_basic, chequers_ecumenical_altar_island, minmay_goblin_outpost
D:3:      layout_basic, serial_curves, eino_curves_01, eino_curves_03
D:4:      layout_basic, mainiacjoe_overflow_alcove_4
D:5:      layout_loops_ring, lightli_ossuary_entry_decrepit_ruins,
          chequers_serial_rivers_small_a, kennysheep_generic_room_10, uniq_ijyb,
          uniq_crazy_yiuf_cottage
D:6:      layout_cave_pools, lemuel_crystal_altar
D:7:      black_bear_nest_2, layout_basic, mainiacjoe_overflow_swirl,
          temple_green
D:8:      layout_cave_pools, vehumet_crystals,
          mainiacjoe_overflow_cross_hatched, erik_lair_dragon
D:9:      minmay_ornate_pinched, layout_cross, nicolae_hepliaklqana_hippocampus,
          nicolae_kikubaaqudgha_miasma_corner
Temple:   hellmonk_temple_divided_pantheon
Lair:1:   layout_loops_ring, uniq_fannar
Lair:2:   layout_hall_layers, minmay_shoals_entry_lonely_mermaid,
          portal_ice_cave_entry_pillars_1, guppyfry_lair_drakes,
          infiniplex_staircase_pool_2, grunt_megastairs_2
Lair:3:   layout_gridlike, nicolae_spider_entry_tight_spaces, lemuel_fruit_tree
Lair:4:   layout_roguey, slime_entry_1
Lair:5:   grunt_lair_end_beastmaster, layout_hall_layers,
          infiniplex_staircase_pool, serial_bayou_shore_b

Skill      XL: |  1  2  3  4  5  6  7  8  9 10 11 12 13 |
---------------+----------------------------------------+-----
Short Blades   | 3 4 5 6 7 8 10 11 12 | 12.8
Dodging        | 5 8 11 13 14 | 14.0
Fighting       | 4 5 |  5.2
Armour         | 2 |  2.0
Stealth        | 5 8 9 |  9.0
Evocations     | 3 |  3.0
Spellcasting   | 3 |  3.8

Action                     |  1- 3 |  4- 6 |  7- 9 | 10-12 | 13-15 || total
---------------------------+-------+-------+-------+-------+-------++-------
  Melee: Short sword       |    52 |       |       |       |       ||    52
         Bite              |    31 |    28 |   165 |   443 |   284 ||   951
         Dagger            |    51 |    62 |   501 |   856 |   530 ||  2000
         Punch             |       |       |    10 |    15 |     8 ||    33
   Fire: Arbalest          |       |       |       |     2 |       ||     2
 Invoke: Call Merchant     |       |       |       |     2 |       ||     2
  Evoke: Wand              |       |       |       |     7 |     1 ||     8
    Use: Scroll            |       |       |    24 |     6 |     1 ||    31
         Potion            |       |       |       |     3 |       ||     3
   Stab: Sleeping          |    11 |     1 |    11 |    10 |     6 ||    39
         Distracted        |       |       |       |     2 |     1 ||     3
         Paralysed         |       |       |       |     2 |       ||     2
         Petrified         |       |       |       |       |     3 ||     3
 Armour: Robe              |    14 |     2 |    17 |       |       ||    33
         Ring mail         |       |       |    16 |   105 |   110 ||   231
  Dodge: Dodged            |    82 |    52 |   282 |   539 |   428 ||  1383

Table legend: (Time is in decaauts)
 A = Elapsed time spent in this place.
 B = Non-inter-level travel time spent in this place.
 C = Inter-level travel time spent in this place.
 D = Time resting spent in this place.
 E = Time spent auto-exploring this place.
 F = Levels seen in this place.
 G = Mean time per level.
                   A        B        C        D        E       F      G
               +--------+--------+--------+--------+--------+-----+--------+
         Total |  13783 |  13345 |    438 |   1825 |   7556 |  17 |  810.8 |
       Dungeon |   7068 |   6729 |    339 |    734 |   4284 |   9 |  785.3 |
        Temple |     38 |     38 |      0 |      0 |      7 |   1 |   38.0 |
          Lair |   4624 |   4525 |     99 |    202 |   2956 |   5 |  924.8 |
       Ossuary |    315 |    315 |      0 |      0 |    117 |   1 |  315.0 |
      Ice Cave |   1736 |   1736 |      0 |    889 |    192 |   1 | 1736.0 |
               +--------+--------+--------+--------+--------+-----+--------+

Top non-repeatable levels by time:
   IceCv: 1736 daAuts
     D:6: 1207 daAuts
  Lair:5: 1096 daAuts
  Lair:2: 994 daAuts
     D:7: 909 daAuts
  Lair:3: 898 daAuts
     D:2: 857 daAuts
     D:8: 853 daAuts
  Lair:4: 848 daAuts
     D:4: 836 daAuts
     D:5: 806 daAuts
  Lair:1: 786 daAuts
     D:1: 781 daAuts
     D:3: 722 daAuts
 Ossuary: 315 daAuts
